 Dungeon Crawl Stone Soup version 0.24-a0-725-gf1a930fc54 (webtiles) character file.

Game seed: 5279334537324876604, levelgen mode: deterministic

239 MalarOregon the Cudgeler (level 5, -5/45 HPs)
             Began as a Draconian Gladiator on Oct 1, 2019.
             Slain by an ogre
             ... wielding a +0 giant club
              (23 damage)
             ... on level 4 of the Dungeon.
             The game lasted 00:02:59 (2582 turns).

MalarOregon the Cudgeler (Draconian Gladiator)      Turns: 2582, Time: 00:02:59

Health: -5/45      AC:  5    Str: 17    XL:     5   Next: 79%
Magic:  8/8        EV: 13    Int:  9    God:
Gold:   0          SH:  0    Dex: 12    Spells: 8/8 levels left

rFire    . . .     SeeInvis .   a - +0 flail
rCold    . . .     Gourm    .   (no shield)
rNeg     . . .     Faith    .   (armour unavailable)
rPois    .         Spirit   .   b - +0 hat
rElec    .         Reflect  .   (no cloak)
rCorr    .         Harm     .   (no gloves)
MR       .....                  (no boots)
Stlth    ..........             (no amulet)
HPRegen  0.15/turn              o - ring of attention (curse)
MPRegen  0.11/turn              (no ring)

@: no status effects
A: unfitting armour, cold-blooded, AC +5
a: no special abilities


You were on level 4 of the Dungeon.
You were not hungry.

You visited 1 branch of the dungeon, and saw 4 of its levels.

You collected 137 gold pieces.
You spent 137 gold pieces at shops.

Inventory:

Hand Weapons
 a - a +0 flail (weapon)
Missiles
 c - 3 throwing nets (quivered) {!f}
Armour
 b - a +0 hat (worn)
Jewellery
 o - a cursed ring of attention (left hand)
   (You found it on level 2 of the Dungeon)
Wands
 u - a wand of paralysis (13)
   (You found it on level 2 of the Dungeon)
Scrolls
 d - 8 scrolls of identify {unknown}
 f - 2 scrolls of magic mapping {unknown}
 i - 4 scrolls of remove curse {unknown}
 j - a scroll of fog {unknown}
 l - a scroll of immolation {unknown}
 q - a scroll of amnesia {unknown}
 s - a scroll of blinking {unknown}
 v - 2 scrolls of enchant armour {unknown}
 w - a scroll of teleportation {unknown}
Potions
 g - a potion of magic {unknown}
 h - 2 potions of agility {unknown}
 k - a potion of flight {unknown}
 m - 2 potions of resistance {unknown}
 n - a potion of cancellation {unknown}
 r - a potion of berserk rage {unknown}
 t - a potion of lignification {unknown}
 x - a potion of curing {unknown}
Comestibles
 e - 9 rations {!d}
 p - a chunk of flesh


   Skills:
 + Level 3.5 Fighting
 * Level 4.7 Maces & Flails
 - Level 1.7 Throwing
 + Level 3.5 Dodging
 + Level 2.0 Spellcasting


You had 8 spell levels left.
You didn't know any spells.
Your spell library was empty.

Dungeon Overview and Level Annotations

Branches:
Dungeon (4/15)
 Temple: D:4-7

Altars:

Shops:
D:4 *


Innate Abilities, Weirdness & Mutations

Your plain brown scales are hard. (AC +5)
You cannot fit into any form of body armour.
You are cold-blooded and may be slowed by cold attacks.


Message History

i - 4 scrolls labeled SUEG PESAHYRE (gained 1)
x - a white potion Thank you for shopping at Jeocs's Assorted Antiques!
Found a scroll labeled YTUMNE FIAGE.
You now have 21 gold pieces (gained 15).
Found 3 scrolls labeled HIFANI WOU.
v - 2 scrolls labeled YTUMNE FIAGE (gained 1)
A hound comes into view.
The hound barks!
You see here 3 scrolls labeled HIFANI WOU.
The hound barely misses you.
Found 7 gold pieces.
You hit the hound. The hound barely misses you. The hound bites you.
You thump the hound! The hound bites you but does no damage.
The hound barely misses you.
You sock the hound!
You kill the hound!
Your Spellcasting skill increases to level 2!
You butcher the hound corpse.
p - 5 chunks of flesh (gained 2)
You see here a hound skeleton. x2
d - 7 scrolls labeled HIFANI WOU (gained 3)
You see here a hound skeleton.
You now have enough gold to buy a scroll labeled HIFANI WOU on this level.
You now have 28 gold pieces (gained 7).
You see here a hound skeleton.
Some of the chunks of flesh in your inventory have rotted away.
Found a dented steel amulet.
There is an entrance to Jeocs's Assorted Antiques here.
Unknown command.
d - 8 scrolls labeled HIFANI WOU (gained 1) Thank you for shopping at Jeocs's Assorted Antiques!
Eating one of 2 chunks of flesh.
You eat one of the 2 chunks of flesh.
An ogre comes into view. It is wielding a +0 giant club.
An ogre is nearby!
An ogre is nearby!
The ogre completely misses you.
You barely miss the ogre. The ogre closely misses you.
You hit the ogre. You barely miss the ogre.
The ogre hits you with a +0 giant club!
You hit the ogre. The ogre misses you.
You hit the ogre. The ogre closely misses you.
You barely miss the ogre. The ogre closely misses you.
You thump the ogre!
The ogre hits you with a +0 giant club!!
* * * LOW HITPOINT WARNING * * *
You barely miss the ogre. You tail-slap the ogre.
The ogre hits you with a +0 giant club!!
Ouch! That really hurt!
You die...

###.............###...##
......####.###.## ##.##
###....###.# #.# #.#
.....#.....# #.# #.#
.....#.....# #.## #.#
.....#....####.. ...
..#######...##.# .#
.....#....#.##"#####.#
..##.#.####.....@O...#
..<..# ####.#######
..##...# #.# ### .## #.#
.. ..# ## ###


You could see an ogre.

Vanquished Creatures
  A centaur zombie (D:2)
  An orc wizard (D:3)
  An orc priest (D:3)
  A hound (D:4)
  3 adders
  An ooze (D:1)
  An adder skeleton (D:4)
  A worm (D:1)
  A leopard gecko (D:2)
  5 orcs (D:3)
  6 bats
  5 giant cockroaches
  11 goblins
  10 hobgoblins
  8 jackals
  9 kobolds
  A ball python (D:1)
  3 frilled lizards
  6 rats
75 creatures vanquished.

Notes
Turn   | Place    | Note
-------+----------+-------------------------------------------
     0 | D:1      | MalarOregon the Draconian Gladiator began the quest for the
                  | Orb.
     0 | D:1      | Reached XP level 1. HP: 17/17 MP: 1/1
   123 | D:1      | Reached XP level 2. HP: 21/25 MP: 2/2
   488 | D:1      | Reached XP level 3. HP: 30/30 MP: 4/4
   787 | D:1      | Reached skill level 1 in Spellcasting
  1008 | D:2      | Reached skill level 4 in Maces & Flails
  1008 | D:2      | Reached XP level 4. HP: 17/38 MP: 4/6
  1590 | D:3      | Reached XP level 5. HP: 22/45 MP: 7/7
  2478 | D:4      | Found Jeocs's Assorted Antiques.
  2494 | D:4      | Bought a scroll labeled JASISU TELOSI for 28 gold pieces
  2494 | D:4      | Bought a scroll labeled GIVE BYGOO for 28 gold pieces
  2494 | D:4      | Bought a scroll labeled SUEG PESAHYRE for 28 gold pieces
  2494 | D:4      | Bought a white potion for 25 gold pieces
  2559 | D:4      | Bought a scroll labeled HIFANI WOU for 28 gold pieces
  2571 | D:4      | Noticed an ogre
  2582 | D:4      | Slain by an ogre

Levels and vault maps discovered:
D:1:      dpeg_arrival_stonehenge_8_columns, layout_basic
D:2:      layout_rooms
D:3:      corexii_shack_village, layout_loops_corners
D:4:      layout_loops_ring, fedhas_altar_1, first_ration,
          gammafunk_ghost_necromancy, serial_shops, shop,
          nicolae_shop_window_shopping, nicolae_shop_stone,
          nicolae_shop_behind_doors

Skill      XL: |  1  2  3  4  5 |
---------------+----------------+-----
Dodging        | 3 |  3.5
Spellcasting   | 1 2 |  2.0
Fighting       | 3 |  3.5
Maces & Flails | 4 |  4.7
Throwing       | |  1.7

Action                   |  1- 3 |  4- 6 || total
-------------------------+-------+-------++-------
Melee: Flail             |   109 |    95 ||   204
       Tailslap          |    11 |    13 ||    24
  Eat: Chunk             |       |     6 ||     6
Armor: Skin              |    44 |    21 ||    65
Dodge: Dodged            |   109 |    56 ||   165

Table legend:
 A = Non-vault XP
 B = Vault XP
 C = Vault XP percentage of total XP
 D = Non-vault monster count
 E = Vault monster count
 F = Vault count percentage of total count
                 A         B        C        D         E       F
            +---------+---------+-------+---------+---------+-------
      Total |     319 |      23 |   6.7 |      64 |      11 |  14.7
            +---------+---------+-------+---------+---------+-------
        D:1 |      55 |       0 |   0.0 |      28 |       0 |   0.0
        D:2 |      87 |       0 |   0.0 |      18 |       0 |   0.0
        D:3 |     119 |      23 |  16.2 |      15 |      11 |  42.3
        D:4 |      58 |       0 |   0.0 |       3 |       0 |   0.0
            +---------+---------+-------+---------+---------+-------
